 Dungeon Crawl Stone Soup version 0.31.0-11-ge490571c62 (webtiles) character file.

Game seed: 3047745065262059279

16 Flugkiller the Chiller (level 2, -1/13 HPs)
             Began as a Vine Stalker Ice Elementalist on Feb 3, 2024.
             Succumbed to Blork the orc's poison
             ... on level 4 of the Dungeon.
             The game lasted 00:01:53 (542 turns).

Flugkiller the Chiller (VSIE)                        Turns: 542, Time: 00:01:54

Health: -1/13      AC:  2    Str: 10    XL:     2   Next: 54%
Magic:  5/15       EV: 12    Int: 19    God:
Gold:   26         SH:  0    Dex: 17    Spells: 5/6 levels left

rFire   + . .        i - +2 dagger "Loopy" {flame, rPois rF+ Int+4 Dex+3}
rCold   . . .        (no shield)
rNeg    . . .        a - +0 robe
rPois   +            (no helmet)
rElec   .            (no cloak)
rCorr   .            (no gloves)
SInv    .            (no boots)
Will    .....        g - amulet of regeneration
Stlth   ++           f - ring of magical power
HPRegen 1.82/turn    o - ring of poison resistance
MPRegen 0.14/turn

%: guardian spirit
@: lethally poisoned (-1 -> -18)
A: fangs 2, regeneration 1, magic shield, antimagic bite, no potion heal 2
a: no special abilities


You were on level 4 of the Dungeon.
You visited 1 branch of the dungeon, and saw 4 of its levels.

You collected 26 gold pieces.

Inventory:

Hand Weapons
 c - a +0 dagger
   (You took it off a goblin on level 1 of the Dungeon)
 i - the +2 dagger "Loopy" (weapon) {flame, rPois rF+ Int+4 Dex+3}
   (You found it on level 4 of the Dungeon)

   Int+4:     It affects your intelligence (+4).
   Dex+3:     It affects your dexterity (+3).
   rF+:       It protects you from fire.
   rPois:     It protects you from poison
Armour
 a - a +0 robe (worn)
Jewellery
 e - a ring of fire
   (You found it on level 1 of the Dungeon)
 f - a ring of magical power (left hand)
   (You found it on level 1 of the Dungeon)
 g - an amulet of regeneration (around neck)
   (You found it on level 2 of the Dungeon)
 o - a ring of poison resistance (right hand)
   (You found it on level 4 of the Dungeon)
Wands
 h - a wand of flame (8)
   (You found it on level 3 of the Dungeon)
Scrolls
 d - a scroll of identify {unknown}
Potions
 b - a potion of magic


   Skills:
 - Level 1.5 Dodging
 - Level 2.4 Stealth
 + Level 2.7 Spellcasting
 + Level 4.3 Ice Magic


You had 5 spell levels left.
You knew the following spells:

 Your Spells              Type           Power      Damage    Failure   Level
a - Freeze                Ice            76%        1d8       2%          1

Your spell library contained the following spells:

 Spells                   Type           Power      Damage    Failure   Level
 Frozen Ramparts          Ice            38%        1d6       8%          3
 Ozocubu's Armour         Ice            19%        N/A       8%          3
 Summon Ice Beast         Ice/Summ       10%        N/A       19%         3
 Mercury Vapours          Alch/Air       4%         N/A       24%         2
 Call Canine Familiar     Summ           2%         N/A       43%         3
 Dazzling Flash           Conj/Hex       4%         N/A       43%         3
 Mephitic Cloud           Conj/Alch/Air  2%         N/A       43%         3
 Sigil of Binding         Hex            2%         N/A       43%         3
 Dimensional Bullseye     Hex/Tloc       1%         N/A       83%         4
 Freezing Cloud           Conj/Ice/Air   4%         6-21      94%         5
 Curse of Agony           Necr           2%         N/A       99%         5
 Silence                  Hex/Air        1%         N/A       99%         5


Dungeon Overview and Level Annotations

Branches:
Dungeon (4/15) Zot: 23451
 Temple: D:4-7

Altars:
Ashenzari

Annotations:
D:4 Blork the orc


Innate Abilities, Weirdness & Mutations

You have extremely sharp teeth.
Your natural rate of healing is unusually fast.
When hurt, damage is shared between your health and your magic reserves.
Your bite disrupts and absorbs the magic of your enemies.
Potions cannot restore your health.


Message History

The hobgoblin is severely wounded.
The hobgoblin hits you.
You hit the hobgoblin.
The hobgoblin is almost dead.
The hobgoblin hits you.
You barely miss the hobgoblin. You bite the hobgoblin. You drain its power.
You feel invigorated.
The hobgoblin is almost dead.
The hobgoblin hits you.
You hit the hobgoblin.
You kill the hobgoblin!
There is a stone staircase leading down here.
You climb downwards.
There is a stone staircase leading up here.
Unknown command.
The helpless kobold fails to defend itself.
You puncture the kobold!
You kill the kobold!
A goblin comes into view. It is wielding a +0 club.
Found a thin jade amulet.
Things that are here:
a +0 dagger; a kobold corpse
Found a ring mail and 7 gold pieces.
Found a stone staircase leading down.
g - an amulet of regeneration You start putting on your amulet.
You continue putting on your amulet of regeneration. x5
You finish putting on your amulet of regeneration.
The amulet throbs as it attunes itself to your uninjured body.
g - an amulet of regeneration (around neck)
You now have 26 gold pieces (gained 7).
Okay, then.
A hobgoblin comes into view.
There is a stone staircase leading down here.
You climb downwards.
There is a stone staircase leading up here.
Unknown command.
Found a stone staircase leading down.
Found an iron wand.
There is a stone staircase leading down here.
You climb downwards.
There is a stone staircase leading up here.
Unknown command.
You climb upwards.
There is a stone staircase leading down here.
h - a wand of flame (10)
There is a stone staircase leading down here.
You climb downwards.
There is a stone staircase leading up here.
A ball python comes into view.
Found a book of the Hunter.
The ball python hisses angrily.
The ball python bites you. The ball python closely misses you.
The ball python misses you. The ball python grabs you.
The ball python constricts you.
You hit the ball python.
You kill the ball python!
Found a scratched peridot ring.
Found an encrusted dagger.
You pick up a book of the Hunter and begin reading...
You add the spells Sigil of Binding, Call Canine Familiar and Dimensional Bullseye to your library.
Found a sapphire potion.
Found a stone staircase leading down.
o - a ring of poison resistance
o - a ring of poison resistance (right hand)
i - the +2 dagger "Loopy" {flame, rPois rF+ Int+4 Dex+3} You feel clever.
You feel agile.
The +2 dagger "Loopy" {flame, rPois rF+ Int+4 Dex+3} bursts into flame!
i - the +2 dagger "Loopy" (weapon)
{flame, rPois rF+ Int+4 Dex+3} You open the door.
Found a broken altar of Ashenzari.
There is an open door here.
Blork the orc comes into view.
He is wielding a +2 short sword of venom.
An orc comes into view. It is wielding a +0 whip.
Blork the orc shouts!
The orc shouts!
You hear an angry hiss.
Aiming: Throw Flame
Press: ? - help, Shift-Dir - straight line, f - Blork the orc
Aim: Blork the orc, wielding a +2 short sword of venom and wearing a +0 robe (72% to hit)
The puff of flame hits Blork the orc.
Blork the orc is moderately wounded.
A quokka comes into view.
Blork the orc gestures wildly while chanting.
Blork the orc seems to speed up.
Aiming: Throw Flame
Press: ? - help, Shift-Dir - straight line, f/p - Blork the orc
Aim: Blork the orc, wielding a +2 short sword of venom and wearing a +0 robe (lightly wounded, fast, 72% to hit)
The puff of flame hits Blork the orc.
Blork the orc is moderately wounded.
You closely miss Blork the orc.
Blork the orc is moderately wounded.
Blork the orc hits you with a +2 short sword of venom!
You are poisoned.
Blork the orc hits you with a +2 short sword of venom!
You are lethally poisoned!
Unknown command.
Okay, then.
You barely miss Blork the orc.
Blork the orc is moderately wounded.
Ouch! That really hurt!
You die...

#.......## ##......##
#r.o....## ##.......##
#........## ###
##o.......####..
##...##.....#....
###or..##.#........
##.@#.......#...#...
#....#...........#..#
........##..##'##..##...
.........#..#...#..#....
....#....##.#._.#.##.###
....###...###...###..# #
##. ##....#####...## #
............##
............##


You could see Blork the orc (fast), an orc and a quokka.

Vanquished Creatures
  An endoplasm (D:1)
  A goblin (D:1)
  2 hobgoblins (D:1)
  A kobold (D:2)
  3 quokkas (D:1)
  3 ball pythons
  2 bats (D:1)
  A rat (D:1)
14 creatures vanquished.

Notes
Turn   | Place    | Note
-------+----------+-------------------------------------------
     0 | D:1      | Flugkiller the Vine Stalker Ice Elementalist began the
                  | quest for the Orb.
     0 | D:1      | Reached XP level 1. HP: 9/9 MP: 4/4
   364 | D:1      | Reached XP level 2. HP: 13/13 MP: 4/6
   511 | D:4      | Identified the +2 dagger "Loopy" {flame, rPois rF+ Int+4
                  | Dex+3}
   517 | D:4      | Found a broken altar of Ashenzari.
   526 | D:4      | Noticed Blork the orc
   542 | D:4      | Succumbed to Blork the orc's poison

Illustrated notes

Levels and vault maps discovered:
D:1:      ncdulo_wetmaze, layout_loops_corners
D:2:      layout_basic
D:3:      layout_loops_ring, serial_shops, nicolae_shop_back_alley_shop,
          nrook_uturn, uniq_terence, uniq_jessica
D:4:      layout_layer_cave, nicolae_ashenzari_skybound, marbit_many_paths,
          mainiacjoe_overflow_boulevard, minitemple, nicolae_shop_clearance,
          uniq_blork_the_orc

Action                     || total
---------------------------++-------
  Melee: Dagger            ||    15
         Bite              ||     4
   Cast: Freeze            ||    11
  Evoke: Wand              ||     2
   Stab: Sleeping          ||     1
 Armour: Robe              ||    11
  Dodge: Dodged            ||    16
